 Dungeon Crawl Stone Soup version 0.30-a0-862-g1aabd4f9c5 (webtiles) character file.

Game seed: 11108022923331353664

45 holysushi the Cutter (level 3, -5/26 HPs)
             Began as an Octopode Monk on Mar 9, 2023.
             Slain by Natasha (6 damage)
             ... on level 2 of the Dungeon.
             The game lasted 00:00:37 (1087 turns).

holysushi the Cutter (Octopode Monk)                Turns: 1087, Time: 00:00:37

Health: -5/26      AC:  1    Str: 10    XL:     3   Next: 64%
Magic:  3/3        EV: 14    Int: 12    God:
Gold:   72         SH:  0    Dex: 16    Spells: 2/2 levels left

rFire   . . .      SeeInvis .    a - +0 short sword
rCold   . . .      Faith    .    (no shield)
rNeg    . . .      Spirit   .    (helmet restricted)
rPois   .          Reflect  .    (no amulet)
rElec   .          Rampage  .    (no ring)
rCorr   .                        (no ring)
Will    .....                    (no ring)
Stlth   +++                      (no ring)
HPRegen 0.24/turn                (no ring)
MPRegen 0.08/turn                (no ring)
                                 (no ring)
                                 (no ring)

@: no status effects
A: almost no armour, amphibious, 8 rings, camouflage 1, gelatinous body 1,
(nimble swimmer 1), tentacles
a: no special abilities


You were on level 2 of the Dungeon.
You visited 1 branch of the dungeon, and saw 2 of its levels.

You collected 72 gold pieces.

Inventory:

Hand Weapons
 a - a +0 short sword (weapon)
Scrolls
 d - a scroll of enchant weapon {unknown}
 e - 3 scrolls of silence {unknown}
Potions
 b - a potion of ambrosia
 c - 2 potions of curing {unknown}


   Skills:
 - Level 3.0 Fighting
 + Level 4.4 Short Blades
 + Level 3.1 Dodging
 - Level 2.6 Stealth


You had 2 spell levels left.
You didn't know any spells.
Your spell library was empty.

Dungeon Overview and Level Annotations

Branches:
Dungeon (2/15) Zot: 10921

Altars:

Annotations:
D:2 Natasha


Innate Abilities, Weirdness & Mutations

You cannot wear most types of armour.
You are amphibious.
You can wear up to eight rings at the same time.
Your skin changes colour to match your surroundings (Stealth+).
Your rubbery body absorbs attacks. (AC +1, EV +1)
((You are camouflaged when in or above water. (Stealth+)))
You have tentacles for arms and can constrict up to eight enemies at once.


Message History

An adder is nearby!
An adder is nearby!
An adder is nearby!
The adder hisses angrily.
Natasha, Servant of Life and Death comes into view.
The adder misses you.
You closely miss the adder.
Natasha hisses angrily.
You grab the adder. You constrict the adder. The adder bites you.
You are poisoned.
The adder poisons you!
You hit the adder.
The adder is moderately wounded.
You constrict the adder.
You feel sick. The adder barely misses you.
You hit the adder.
The adder is almost dead.
You constrict the adder.
You feel sick. The adder closely misses you.
You barely miss the adder.
The adder is almost dead.
You constrict the adder.
You kill the adder!
You feel sick. Natasha casts a spell at you. The magic dart hits you!
You hit Natasha. Your grab misses Natasha.
Natasha is lightly wounded.
You feel sick. Natasha claws you!
* * * LOW HITPOINT WARNING * * *
You hit Natasha. Your grab misses Natasha.
Natasha is heavily wounded.
Natasha misses you.
You closely miss Natasha. You grab Natasha.
You squeeze Natasha, but do no damage.
Natasha is heavily wounded.
You constrict Natasha, but do no damage.
* * * LOW HITPOINT WARNING * * *
You feel sick.
You are no longer poisoned.
Natasha claws you.
You die...

###.##....###
....#.......#######
#####.##.##..^....#
... #.##.......#
#### #.###......#
#.# #......### #.#
#........# #.#
#........### ..#
####.@.....+ ...
+.h..#### #....#
#....# #....#
#....# #....#
#....#


You could see Natasha.

Vanquished Creatures
  An adder (D:2)
  A gnoll (D:1)
  A worm (D:1)
  A ball python (D:1)
  An endoplasm (D:1)
  A giant cockroach (D:1)
  A goblin (D:1)
  A hobgoblin (D:1)
  6 jackals (D:1)
  A bat (D:1)
  A frilled lizard (D:1)
  2 kobolds (D:1)
  6 rats (D:1)
24 creatures vanquished.

Notes
Turn   | Place    | Note
-------+----------+-------------------------------------------
     0 | D:1      | holysushi the Octopode Monk began the quest for the Orb.
     0 | D:1      | Reached XP level 1. HP: 16/16 MP: 1/1
   197 | D:1      | Reached XP level 2. HP: 21/21 MP: 2/2
   627 | D:1      | Reached skill level 4 in Short Blades
   627 | D:1      | Reached XP level 3. HP: 26/26 MP: 3/3
  1079 | D:2      | Noticed Natasha
  1087 | D:2      | HP: 1/26 [poisoned by an adder]
  1087 | D:2      | Slain by Natasha

Illustrated notes

Levels and vault maps discovered:
D:1:      dpeg_arrival_snail, layout_basic, grunt_decor_mini_mirrors,
          nicolae_wormholes
D:2:      layout_basic, ebering_dispersal_statue_hall, minmay_split_cup_small,
          uniq_natasha

Skill      XL: |  1  2 |
---------------+-------+-----
Short Blades   | 4 |  4.4
Fighting       | |  3.0
Dodging        | |  3.1
Stealth        | |  2.6

Action                     || total
---------------------------++-------
  Melee: Short sword       ||    50
         Constrict         ||    10
         Tentacles         ||     7
   Stab: Sleeping          ||    11
 Armour: Skin              ||     4
  Dodge: Dodged            ||    20

Table legend: (Time is in decaauts)
 A = Elapsed time spent in this place.
 B = Non-inter-level travel time spent in this place.
 C = Inter-level travel time spent in this place.
 D = Time resting spent in this place.
 E = Time spent auto-exploring this place.
 F = Levels seen in this place.
 G = Mean time per level.
                   A        B        C        D        E       F      G
               +--------+--------+--------+--------+--------+-----+--------+
         Total |   1077 |   1025 |     52 |     30 |    851 |   2 |  538.5 |
       Dungeon |   1077 |   1025 |     52 |     30 |    851 |   2 |  538.5 |
               +--------+--------+--------+--------+--------+-----+--------+

Top non-repeatable levels by time:
     D:1: 1014 daAuts
     D:2: 62 daAuts
